 Dungeon Crawl Stone Soup version 0.31.0-11-ge490571c62 (webtiles) character file.

Game seed: 8445785758756789718

4 Goblin1989 the Sneak (level 1, 0/18 HPs)
             Began as a Demonspawn Delver on Feb 3, 2024.
             Slain by an adder (4 damage)
             ... on level 2 of the Dungeon.
             The game lasted 00:02:50 (271 turns).

Goblin1989 the Sneak (Demonspawn Delver)             Turns: 271, Time: 00:02:51

Health: 0/18       AC:  3    Str: 12    XL:     1   Next: 58%
Magic:  1/1        EV: 11    Int: 10    God:
Gold:   24         SH:  0    Dex: 14    Spells: 0/0 levels left

rFire   . . .        h - +0 lajatang
rCold   . . .        (shield currently unavailable)
rNeg    . . .        b - +0 leather armour
rPois   .            (no helmet)
rElec   .            j - scarf {+Inv}
rCorr   .            (no gloves)
SInv    .            (no boots)
Will    .....        (no amulet)
Stlth   ++           (no ring)
HPRegen 0.23/turn    (no ring)
MPRegen 0.07/turn

%: no passive effects
@: lethally poisoned (0 -> -8), hasted, very quick
A: no striking features
a: Evoke Invisibility


You were on level 2 of the Dungeon.
You visited 1 branch of the dungeon, and saw 4 of its levels.

You collected 24 gold pieces.

Inventory:

Hand Weapons
 a - a +0 mace
 h - a +0 lajatang (weapon)
Armour
 b - a +0 leather armour (worn)
 j - a scarf of invisibility (worn)
Jewellery
 k - a ring of magical power
Wands
 g - a wand of digging (3) {@v3}
Scrolls
 c - 2 scrolls of fog
 i - a scroll of revelation


   Skills:
 - Level 3.0 Fighting
 - Level 1.7(2.0) Maces & Flails
 + Level 1.0(1.5) Staves
 - Level 1.7 Dodging
 - Level 4.5 Stealth


You couldn't memorise any spells.
You didn't know any spells.
Your spell library was empty.

Dungeon Overview and Level Annotations

Branches:
Dungeon (5/15) Zot: 23725
 Temple: D:4-7

Altars:

Annotations:
D:5 1 runed translucent door, theswoord's ghost, novice DsGl


Message History

No target in view!
No target in view!
No target in view!
No target in view!
No target in view!
No target in view!
No target in view!
No target in view!
No target in view!
You now have 24 gold pieces (gained 12).
A hobgoblin comes into view.
Found a stone staircase leading up.
c - 2 scrolls of fog (gained 1)
You see here a ring of magical power.
k - a ring of magical power
There is a stone staircase leading up here.
You climb upwards.
There is a stone staircase leading down here.
As you open the door, it creaks loudly!
There is an open door here.
You open the door.
There is an open door here.
You open the door.
There is an open door here.
A bat comes into view.
A bat is nearby!
The bat barely misses you. The bat hits you.
You take 1 damage, and have 17/18 hp.
You slash the bat!
You kill the bat!
No target in view!
No target in view!
No target in view!
No target in view!
No target in view!
No target in view!
No target in view!
No target in view!
No target in view!
No target in view!
No target in view!
No target in view!
No target in view!
No target in view!
No target in view!
No target in view!
No target in view!
No target in view!
No target in view!
HP restored.
You see here a bat corpse.
You open the door. 2 adders come into view.
The adder hisses angrily. x2
Found a coppery potion.
Health restored: 18 You hit the adder but do no damage.
The adder bites you but does no damage.
You barely miss the adder. The adder barely misses you. x2
You miss the adder. The adder bites you but does no damage.
The adder closely misses you.
The adder bites you but does no damage. x2
You closely miss the adder. The adder barely misses you.
The adder closely misses you.
You barely miss the adder. The adder bites you. x2
You are poisoned.
The adder poisons you! The adder closely misses you. The adder bites you.
You are more poisoned.
The adder poisons you!
You take 5 damage, and have 13/18 hp.
MASSIVE DAMAGE!!
You barely miss the adder.
You feel very sick. The adder bites you. The adder closely misses you.
The adder bites you.
* * * LOW HITPOINT WARNING * * *
You are lethally poisoned!
The adder poisons you! The adder bites you but does no damage.
You are too injured to fight recklessly!
You take 8 damage, and have 5/18 hp.
MASSIVE DAMAGE!!
You are too injured to fight recklessly!
You are too injured to fight recklessly!
You are too injured to fight recklessly!
You are too injured to fight recklessly!
You are too injured to fight recklessly!
You are too injured to fight recklessly!
You are too injured to fight recklessly!
You are too injured to fight recklessly!
You are too injured to fight recklessly!
You are too injured to fight recklessly!
You are too injured to fight recklessly!
You are too injured to fight recklessly!
You are too injured to fight recklessly!
You are too injured to fight recklessly!
You are too injured to fight recklessly!
You are too injured to fight recklessly!
You are too injured to fight recklessly!
You are too injured to fight recklessly!
You are too injured to fight recklessly!
You are too injured to fight recklessly!
You feel yourself speed up.
* * * LOW HITPOINT WARNING * * *
You feel sick. The adder bites you.
You die...

█.█ ███.██
██.....██ █....█
█...!...█ █....█
█.......█
█....██████.......
█.........█ .....
█....████.██ ...


██████ █..███S███████ █....S@....... █.█........... █.█...........
█.████▲███████ ..█ ███ You could see 2 adders.

Vanquished Creatures
  A ball python (D:4)
  A goblin (D:3)
  A kobold (D:3)
  A bat (D:2)
4 creatures vanquished.

Notes
Turn   | Place    | Note
-------+----------+-------------------------------------------
     0 | D:5      | Goblin1989 the Demonspawn Delver began the quest for the
                  | Orb.
     0 | D:5      | Reached XP level 1. HP: 18/18 MP: 1/1
    22 | D:5      | Noticed a sleepcap
    24 | D:5      | Noticed a howler monkey
    51 | D:5      | Found a runed translucent door.
    55 | D:5      | Noticed theswoord's ghost (novice DsGl)
   185 | D:3      | Reached skill level 1 in Staves
   271 | D:2      | Slain by an adder

Illustrated notes

Levels and vault maps discovered:
D:2:      kennysheep_six_static_rooms, layout_basic
D:3:      layout_basic, nicolae_overflow_crystal_walls, serial_shops,
          nicolae_shop_dealshenge
D:4:      layout_rooms, trog_ov_bears_minmay, lemuel_round_altar, serial_shops,
          nicolae_shop_hallway_plus, chequers_serial_rivers_small_a
D:5:      layout_gridville, mainiacjoe_overflow_24_doors, ebering_ghost_sewer_d

Skill      XL: |  1 |
---------------+----+-----
Staves         | 1 |  1.0
Fighting       | |  3.0
Maces & Flails | |  1.7
Dodging        | |  1.7
Stealth        | |  4.5

Action                     || total
---------------------------++-------
  Melee: Lajatang          ||    11
    Use: Scroll            ||     2
         Potion            ||     1
   Stab: Sleeping          ||     1
 Armour: Leather armour    ||    12
  Dodge: Dodged            ||     9
